 Dungeon Crawl Stone Soup version 0.29.0-4-gdea44cf6ec (webtiles) character file.

Game seed: 12989272032182885287

65 qw the Ruffian (level 4, -2/35 HPs)
             Began as a Ghoul Fire Elementalist on Aug 29, 2022.
             Slain by a gnoll
             ... wielding a +0 halberd
              (11 damage)
             ... on level 3 of the Dungeon.
             The game lasted 00:01:44 (2280 turns).

qw the Ruffian (Ghoul Fire Elementalist)            Turns: 2280, Time: 00:01:45

Health: -2/35      AC:  6    Str: 13    XL:     4   Next: 13%
Magic:  5/5        EV:  9    Int: 10    God:
Gold:   107        SH:  0    Dex:  9    Spells: 5/6 levels left

rFire   . . .      SeeInvis .     - Unarmed
rCold   + . .      Faith    .   (no shield)
rNeg    + + +      Spirit   .   e - +0 scale mail
rPois   inf        Reflect  .   (no helmet)
rElec   .          Harm     .   (no cloak)
rCorr   .          Rampage  .   (no gloves)
Will    .....                   (no boots)
Stlth   ..........              (no amulet)
HPRegen 0.00/turn               (no ring)
MPRegen 0.09/turn               (no ring)

@: inhibited regen
A: claws 1, cold resistance 1, negative energy resistance 3, inhibited
regeneration, torment resistance 2, devour on kill
a: no special abilities


You were on level 3 of the Dungeon.
You visited 1 branch of the dungeon, and saw 3 of its levels.

You collected 107 gold pieces.


Innate Abilities, Weirdness & Mutations

You are immune to poison.
You have sharp fingernails.
Your flesh is cold resistant. (rC+)
You are immune to negative energy. (rN+++)
You do not regenerate when monsters are visible.
You are immune to unholy pain and torment.
You thrive by killing the living.


   Skills:
 - Level 1.2 Fighting
 - Level 1.7 Dodging
 - Level 2.1 Stealth
 + Level 3.6 Unarmed Combat
 - Level 1.7 Spellcasting
 - Level 0.7 Conjurations
 - Level 2.4 Fire Magic


You had 5 spell levels left.
You knew the following spells:

 Your Spells              Type           Power      Damage    Failure   Level
a - Foxfire               Conj/Fire      16%        2x1d4     63%         1

Your spell library contained the following spells:

 Spells                   Type           Power      Damage    Failure   Level
 Scorch                   Fire           10%        2d6       65%         2
 Conjure Flame            Conj/Fire      4%         6-21      94%         3
 Inner Flame              Hex/Fire       3%         N/A       96%         3
 Flame Wave               Conj/Fire      4%         2d5       100%        4

Inventory:

Missiles
 d - 5 silver javelins (quivered)
Armour
 e - a +0 scale mail (worn)
Scrolls
 a - a scroll of identify
Potions
 b - a potion of curing {unknown}
 c - a potion of lignification {unknown}

Dungeon Overview and Level Annotations

Branches:
Dungeon (3/15)

Altars:
Ru

Shops:
D:1 =


Message History

There is an open door here.
A gnoll comes into view. It is wielding a +0 spear.
The gnoll shouts!
You hear a shout!
A gnoll comes into view. It is wielding a +0 flail.
You hear a shout!
Enter note: A gnoll and an endoplasm come into view.
The gnoll shouts!
The endoplasm quivers.
The gnoll barely misses you.
2272 ||| Stepping ~*~*~tactically~*~*~ (outnumbered).
The gnoll hits you from afar with a +0 spear.
You barely miss the gnoll. The gnoll hits you with a +0 flail.
The gnoll hits you from afar with a +0 spear.
You scratch the gnoll but do no damage. The gnoll hits you with a +0 flail.
The gnoll hits you from afar with a +0 spear.
You claw the gnoll!
The gnoll is heavily wounded.
You scratch the gnoll.
You kill the gnoll!
The gnoll hits you but does no damage.
You have reached level 4!
You scratch the endoplasm but do no damage.
The endoplasm freezes you.
You are frozen.
You resist. The gnoll hits you but does no damage.
You scratch the endoplasm.
The endoplasm is lightly wounded.
The endoplasm hits you but does no damage.
The gnoll hits you but does no damage.
You scratch the endoplasm.
The endoplasm is moderately wounded.
The gnoll hits you from afar with a +0 halberd.
The endoplasm freezes you.
You are frozen.
You resist. The gnoll hits you but does no damage.
You claw the endoplasm!
You kill the endoplasm!
The gnoll hits you from afar with a +0 halberd!
You die...

#.............#
.......
#.....######..#
.......
#.....######..#
.......
##'##.#.....#..
......
#.##.#.#####..
#..J. #.##.#.#
#.. #....
#.##.#.# #..
#...g#####.##.#.#
#..
#.g)@....##.#.#
..#
#..########.#.#
..# #.. #.#.# #..
#.#.# #..
######.#.# #..
..........# #..
#########.# #..
........#
#######.#


You could see 2 gnolls.

Vanquished Creatures
  A gnoll (D:3)
  An adder (D:3)
  2 dart slugs
  4 bats
  11 endoplasms
  A goblin (D:2)
  3 hobgoblins (D:1)
  A jackal (D:2)
  7 ball pythons
  2 frilled lizards (D:1)
  6 kobolds
  2 rats
41 creatures vanquished.

Notes
Turn   | Place    | Note
-------+----------+-------------------------------------------
     0 | D:1      | qw the Ghoul Fire Elementalist began the quest for the Orb.
     0 | D:1      | Reached XP level 1. HP: 14/14 MP: 2/2
     0 | D:1      | 0 ||| qw: Version: 0.1-a-90-g952f4b7
     0 | D:1      | 0 ||| qw: Game counter: 3737
     0 | D:1      | 0 ||| qw: Always use a shield: true
     0 | D:1      | 0 ||| qw: God list: Okawaru
     0 | D:1      | 0 ||| qw: Allow faded altars: false
     0 | D:1      | 0 ||| qw: Do Orc after D:15 true
     0 | D:1      | 0 ||| qw: Do second Lair branch before Depths: true
     0 | D:1      | 0 ||| qw: Lair rune preference: random
     0 | D:1      | 0 ||| qw: Plans: Normal
     0 | D:1      | 0 ||| PLANNING D:1-11
    56 | D:1      | 56 ||| Stepping ~*~*~tactically~*~*~ (stealth).
    59 | D:1      | 59 ||| Stepping ~*~*~tactically~*~*~ (outnumbered).
   290 | D:1      | 290 ||| Stepping ~*~*~tactically~*~*~ (stealth).
   291 | D:1      | 291 ||| Stepping ~*~*~tactically~*~*~ (stealth).
   292 | D:1      | 292 ||| Stepping ~*~*~tactically~*~*~ (stealth).
   294 | D:1      | 294 ||| Stepping ~*~*~tactically~*~*~ (stealth).
   297 | D:1      | Reached skill level 1 in Unarmed Combat
   329 | D:1      | Reached skill level 1 in Fighting
   329 | D:1      | Reached XP level 2. HP: 17/23 MP: 3/3
   462 | D:1      | 462 ||| Stepping ~*~*~tactically~*~*~ (stealth).
   552 | D:1      | 552 ||| Stepping ~*~*~tactically~*~*~ (hiding).
   654 | D:1      | 654 ||| Stepping ~*~*~tactically~*~*~ (hiding).
   764 | D:1      | 764 ||| Stepping ~*~*~tactically~*~*~ (outnumbered).
   766 | D:1      | 766 ||| Stepping ~*~*~tactically~*~*~ (outnumbered).
   767 | D:1      | 767 ||| Stepping ~*~*~tactically~*~*~ (outnumbered).
   955 | D:1      | Reached skill level 2 in Unarmed Combat
  1131 | D:1      | Found Ankeol's One-of-a-Kind Rings.
  1140 | D:1      | 1140 ||| SHOPLISTING +2 ring of dexterity (36 gold, have
                  | 32).
  1140 | D:1      | 1140 ||| SHOPLISTING +3 ring of slaying (540 gold, have
                  | 32).
  1140 | D:1      | 1140 ||| SHOPLISTING +5 ring of evasion (660 gold, have
                  | 32).
  1140 | D:1      | 1140 ||| SHOPLISTING ring of Ystrirydgh {rF+ rC+ SInv
                  | Stlth+} (552 gold, have 32).
  1347 | D:1      | 1347 ||| UPGRADING to +0 scale mail.
  1357 | D:1      | 1357 ||| DROPPING +0 robe.
  1358 | D:1      | 1358 ||| READING scroll labelled HOSEPH NEPH.
  1359 | D:1      | 1359 ||| READING scroll labelled APHERA YHUNIY.
  1460 | D:1      | 1460 ||| READING scroll labelled TEWASHE XEAJINKO.
  1461 | D:1      | 1461 ||| DROPPING potion of magic.
  1498 | D:2      | Reached XP level 3. HP: 26/28 MP: 4/4
  1532 | D:2      | 1532 ||| Stepping ~*~*~tactically~*~*~ (hiding).
  1536 | D:2      | 1536 ||| Stepping ~*~*~tactically~*~*~ (stealth).
  1610 | D:2      | 1610 ||| Stepping ~*~*~tactically~*~*~ (stealth).
  1691 | D:2      | Identified the +1 robe of Giasuw {Dex+9}
  1912 | D:2      | Reached skill level 3 in Unarmed Combat
  2049 | D:2      | 2049 ||| READING scroll labelled AKIORPH JIBLITO.
  2050 | D:2      | 2050 ||| READING scroll labelled WYRHITZ HUDGH.
  2054 | D:2      | 2054 ||| READING 3 scrolls labelled CISUFE MAROHY.
  2055 | D:2      | 2055 ||| READING scroll labelled ETZITE ADUORHA.
  2056 | D:2      | 2056 ||| DROPPING 2 scrolls of magic mapping.
  2225 | D:3      | Found a sacrificial altar of Ru.
  2272 | D:3      | 2272 ||| Stepping ~*~*~tactically~*~*~ (outnumbered).
  2277 | D:3      | Reached XP level 4. HP: 17/35 MP: 5/5
  2280 | D:3      | Slain by a gnoll

Levels and vault maps discovered:
D:1:      dpeg_arrival_chambers_temple_mockup, layout_basic,
          nicolae_shop_unique_rings, st_stairs_3
D:2:      layout_rooms, minmay_3d_cube
D:3:      layout_basic, nicolae_overflow_hidden_temple, hangedman_ru_absence,
          shapermc_ecumenical_altar_venn

Skill      XL: |  1  2  3 |
---------------+----------+-----
Unarmed Combat | 1 2 3 |  3.6
Fighting       | 1 |  1.2
Dodging        | |  1.7
Stealth        | |  2.1
Spellcasting   | |  1.7
Conjurations   | |  0.7
Fire Magic     | |  2.4

Action                   |  1- 3 |  4- 6 || total
-------------------------+-------+-------++-------
Melee: Unarmed           |   123 |     4 ||   127
       Punch             |     3 |       ||     3
Throw: Javelin           |     9 |       ||     9
  Use: Scroll            |     7 |       ||     7
Armor: Robe              |    15 |       ||    15
       Scale mail        |    17 |     4 ||    21
Dodge: Dodged            |    56 |       ||    56

Table legend:
 A = Non-vault XP
 B = Vault XP
 C = Vault XP percentage of total XP
 D = Non-vault monster count
 E = Vault monster count
 F = Vault count percentage of total count
                 A         B        C        D         E       F
            +---------+---------+-------+---------+---------+-------
      Total |      82 |      13 |  13.7 |      34 |       7 |  17.1
            +---------+---------+-------+---------+---------+-------
        D:1 |      28 |       3 |   9.7 |      17 |       2 |  10.5
        D:2 |      24 |      10 |  29.4 |      14 |       5 |  26.3
        D:3 |      30 |       0 |   0.0 |       3 |       0 |   0.0
            +---------+---------+-------+---------+---------+-------
